[Event "*** Titled Tuesday Blitz"]
[Site "Chess.com"]
[Date "2020.01.07"]
[Round "3"]
[White "Chimpinha"]
[Black "fish7728"]
[Result "0-1"]
[WhiteElo "2387"]
[BlackElo "2138"]
[TimeControl "180+2"]
[EndTime "13:41:42 PST"]
[Termination "fish7728 won by resignation"]

1. d4 d5 2. c4 c6 3. Nc3 Nf6 4. Nf3 e6 5. Bg5 Nbd7 6. e3 Qa5 7. Nd2 Bb4 8. Rc1 Ne4 9. Ndxe4 dxe4 10. Bf4 Qxa2 11.
Qd2 Qa5 12. Be2 O-O 13. O-O e5 14. dxe5 Nxe5 15. Qd4 Ng6 16. Qxe4 Nxf4 17. Qxf4 Qf5 18. Rfd1 Qxf4 19. exf4 Be6 20. g4 f5 21. g5 Rfd8 22.
Kf1 Bd6 23. h4 Bxf4 24. Rxd8+ Rxd8 25. Ra1 a6 26. Na4 Bc7 27. Nc5 Bc8 28. Ke1 Kf7 29. h5 g6 30. hxg6+ hxg6 31. Nd3 Be6 32. b3 Rh8 33. Kd2 Rh2 34. Ke3 Rg2 35. f4 Rh2 36. Rf1 Rh3+ 37. Kd2 Ba5+ 38. Kc2 Rh2 39. Kd1 Bc3 40.
Nc5 Bc8 41. Nd3 Bd4 42. Bf3 Be6 43. Rh1 Rxh1+ 44. Bxh1 Ke7 45. Ke2 Kd7 46. Bf3 Kc7 47. Ne1 b5 48. cxb5 cxb5 49. b4 Bc3 50. Nd3 Bc4 51. Bg2 Bxb4 52. Ke3 Bxd3 53. Kxd3 Bd6 54. Bd5 Bxf4 55. Bf7 Bxg5 56. Bxg6 f4 57. Be4 Kb6 58. Kc3 a5 59. Kb3 Bf6 60. Bd5 Kc5 61.
Bf3 a4+ 62. Ka3 Kc4 63. Be2+ Kc5 64. Bf3 Bc3 65. Be2 Bb4+ 66. Kb2 Ba5 67. Ka3 Bd2 68.
Bf3 Bc1+ 69. Ka2 Kb4 70. Be2 Be3 71. Kb1 a3 72. Ka2 Ka4 73. Bd1+ Kb4 74. Be2 Bc1 75. Bd1 Kc5 76. Be2 b4 77. Kb3 Bd2 78. Kc2 Bc3 79. Kb3 Kd4 80. Kc2 Ke3 0-1

[Event "*** Titled Tuesday Blitz"]
[Site "Chess.com"]
[Date "2020.01.07"]
[Round "3"]
[White "vovachesss"]
[Black "SantoBlue"]
[Result "1-0"]
[WhiteElo "2581"]
[BlackElo "2733"]
[TimeControl "180+2"]
[EndTime "13:41:44 PST"]
[Termination "vovachesss won by resignation"]

1. d4 Nf6 2. c4 e6 3. Nc3 Bb4 4. Qc2 O-O 5. e3 c5 6. dxc5 Na6 7. Nf3 Nxc5 8. Bd2 d5 9. Be2 dxc4 10. Bxc4 b5 11. Bxb5 Bb7 12. O-O Bxf3 13. gxf3 Nh5 14. Kh1 Qh4 15. Rad1 Rad8 16. Ne2 Bxd2 17. Rxd2 Qh3 18.
Ng3 Rxd2 19. Qxd2 g6 20. Qe2 Rb8 21. Rc1 Nb7 22. Qd2 Rd8 23. Qb4 Nxg3+ 24. fxg3 Nd6 25. Bf1 Qf5 26. Kg2 Qe5 27. Qc3 Qd5 28. Be2 Nf5 29. Rd1 Qa8 30. g4 Rxd1 31. Bxd1 Ne7 32. Bc2 Nd5 33. Be4 Nxc3 34. Bxa8 Nxa2 35. Kf2 Kf8 36.
Ke2 Nb4 37. Kd2 Ke7 38. Kc3 Na6 39. Kd4 Kd6 40. f4 Nc7 41. Bf3 f6 42. h4 h6 43.
Kc4 g5 44. fxg5 fxg5 45. hxg5 hxg5 46. b4 Ne8 47. Kb5 Nc7+ 48. Kc4 e5 49. Be4 Ne8 50. Kb5 Nc7+ 51. Kc4 Ne8 52. Kb5 Nf6 53. Bf5 Nd5 54. e4 Nc7+ 55. Kc4 Kc6 56. Bc8 Kb6 57. Bd7 a6 58.
Ba4 a5 59. bxa5+ Kxa5 60. Bd7 Kb6 61. Ba4 Ka5 62. Bc6 Kb6 63. Bd7 Na8 64. Kd5 Kc7 65. Bb5 Nb6+ 66. Kxe5 Nc8 67. Kf6 Kd6 68. e5+ Kd5 69.
e6 Nd6 70. e7 Ke4 71. e8=Q+ 1-0

[Event "*** Titled Tuesday Blitz"]
[Site "Chess.com"]
[Date "2020.01.07"]
[Round "3"]
[White "Supernotar"]
[Black "Fandorin779"]
[Result "1/2-1/2"]
[WhiteElo "2548"]
[BlackElo "2318"]
[TimeControl "180+2"]
[EndTime "13:41:44 PST"]
[Termination "Game drawn - insufficient material"]

1. d4 d5 2. c4 dxc4 3. e3 Nf6 4. Bxc4 e6 5. Nf3 c5 6. O-O a6 7. Qe2 b5 8. Bd3 Bb7 9. dxc5 Bxc5 10. Bxb5+ Nbd7 11. Bd3 O-O 12. Nbd2 Bd6 13. b3 Ne5 14. Nxe5 Bxe5 15. Rb1 Qc7 16. h3 Rfd8 17. Nc4 Rxd3 18.
Nxe5 Qxe5 19. Qxd3 Be4 20. Qd2 Bxb1 21. Bb2 Qf5 22.
f3 Qc2 23. Qd4 Bxa2 24. Rc1 Qxb3 25. Rc7 Rf8 26. Kh2 Qd5 27. Qf4 Nh5 28. Qb4 a5 29. Qb6 Rd8 30. Bd4 h6 31. Rc5 Qd6+ 32. Qxd6 Rxd6 33.
Rxh5 f5 34. Rh4 a4 35. Bc5 Ra6 36. Rd4 Bb3 37. Ba3 Bd5 38. Rb4 Kh7 39. Rb8 Kg6 40.
Kg3 Ra7 41. Kf4 Bb3 42. g4 fxg4 43. hxg4 Rf7+ 44. Kg3 e5 45. Rb6+ Kh7 46. Rb5 Bd1 47. f4 exf4+ 48. exf4 Rd7 49. Bf8 a3 50. Ra5 Rd3+ 51.
Kh4 Rd4 52. Kg3 Rd3+ 53. Kh4 Rf3 54. f5 Rf4 55. Bxa3 Rxg4+ 56. Kh3 Rf4 57. Kg3 Rf1 58.
Kg2 Rf4 59. Bd6 Rd4 60. Be5 Rd7 61. Kg3 Rf7 62. Bd4 Bc2 63. Kg4 Bd1+ 64. Kg3 Be2 65. Re5 Bd3 66. Kg4 Rb7 67. Kg3 Rb4 68. Ba1 Rb1 69.
Bd4 Rf1 70. Re7 Kg8 71. Bxg7 Rxf5 72. Bxh6 Rf7 73. Re3 Bg6 74. Kg4 Kh7 75. Bg5 Bf5+ 76. Kh4 Kg6 77. Bd8 Rh7+ 78. Kg3 Rh3+ 79. Kf2 Rxe3 80.
Kxe3 1/2-1/2

[Event "*** Titled Tuesday Blitz"]
[Site "Chess.com"]
[Date "2020.01.07"]
[Round "3"]
[White "Dynamikus"]
[Black "Valk4"]
[Result "1/2-1/2"]
[WhiteElo "2465"]
[BlackElo "2293"]
[TimeControl "180+2"]
[EndTime "13:41:45 PST"]
[Termination "Game drawn by stalemate"]

1. Nf3 Nf6 2. c4 e6 3. b3 b6 4. Bb2 Bb7 5. e3 d5 6. Nc3 Bd6 7. cxd5 exd5 8. g3 O-O 9. Bg2 a6 10. O-O Nbd7 11. d4 Qe7 12. Rc1 Ne4 13. Ne2 a5 14.
Nf4 a4 15. bxa4 Ra5 16. Bc3 Nxc3 17. Rxc3 Rfa8 18. Nh4 g6 19. Qb3 c6 20. Rfc1 Rxa4 21. Rxc6 Bxc6 22. Rxc6 Bxf4 23. exf4 Qe1+ 24. Bf1 Rxa2 25.
Qe3 Re8 26. Qxe1 Rxe1 27. Ng2 Rd1 28. Rd6 Nf8 29. Rxd5 Ne6 30. Ne3 Rxd4 31. Rb5 Rdd2 32. Rxb6 Rxf2 33. Bc4 Rfb2 34. Rd6 Ra1+ 35. Bf1 Nc5 36.
Rd4 f5 37. Nc4 Rba2 38. Ne3 Ne4 39. Nd1 Kg7 40. Rd7+ Kh6 41. h4 Rd2 42. Rxd2 Nxd2 43. Ne3 Nxf1 44. Nxf1 Kh5 45. Kg2 Ra2+ 46. Kf3 Ra1 47. Ne3 Ra3 48. Kf2 h6 49. Nd5 Kg4 50. Nf6+ Kh3 51. h5 Rxg3 52. hxg6 Rxg6 53. Nd5 h5 54.
Ne3 Rf6 55. Kf3 Kh2 56. Nf1+ Kg1 57. Ne3 h4 58. Nd5 Rf8 59. Nc3 h3 60. Ne2+ Kh2 61. Kf2 Ra8 62. Nd4 Ra2+ 63. Kf1 Ra5 64. Kf2 Rd5 65.
Nf3+ Kh1 66. Ng5 h2 67. Nh3 Rd2+ 68. Kf1 Ra2 69. Nf2+ Rxf2+ 70. Kxf2 1/2-1/2

[Event "*** Titled Tuesday Blitz"]
[Site "Chess.com"]
[Date "2020.01.07"]
[Round "3"]
[White "Airquake"]
[Black "LimeInTheCoconut"]
[Result "0-1"]
[WhiteElo "2669"]
[BlackElo "2451"]
[TimeControl "180+2"]
[EndTime "13:41:46 PST"]
[Termination "LimeInTheCoconut won on time"]

1. e4 e5 2. Nf3 Nc6 3. Bb5 Nf6 4. d3 Bc5 5. O-O d6 6. c3 O-O 7. Bg5 h6 8. Bh4 a6 9. Ba4 b5 10. Bc2 g5 11. Bg3 Bb6 12. Nbd2 Nh7 13. d4 exd4 14.
cxd4 Nxd4 15. Nxd4 Bxd4 16. Rb1 Bb7 17. Qh5 Bg7 18. h4 Nf6 19. Qf3 g4 20. Qf4 Qd7 21.
Qe3 Nh5 22. Bh2 Qe7 23. Qd3 Be5 24. f4 gxf3 25. Nxf3 Bxh2+ 26. Kxh2 Nf4 27. Qe3 Qf6 28. g3 Ne6 29. e5 Qg7 30. exd6 cxd6 31. Nd2 Kh8 32. Ne4 Bxe4 33. Qxe4 Rg8 34. Rf3 Nd4 35. Re3 Nxc2 36. Qxc2 Rae8 37. Rbe1 Re5 38. Qf2 Rge8 39. Rxe5 dxe5 40. Rc1 e4 41. Rc3 Kg8 42. Qf4 Qg6 43. Qe3 Qe6 44. b3 Kh7 45. Rc5 Re7 46. a4 bxa4 47.
bxa4 Qa2+ 48. Kh3 Qxa4 49. g4 Qd7 50. Rc3 Qe6 51. h5 Qe5 52. Rb3 Kg7 53. Rc3 a5 54. Rc5 Qf6 55. Rxa5 Qf1+ 56. Kg3 Qf6 57. Rf5 Qd6+ 58.
Kh3 Qd3 59. Rf3 Qxe3 60. Rxe3 Kf6 61. Kg3 Ke5 62. g5 hxg5 63. Kg4 f6 64. h6 Rh7 65. Rh3 f5+ 66. Kxg5 f4 67. Kg6 Rh8 68. Kg7 Ra8 69. h7 f3 70. Rh5+ Kf4 71. Rh6 f2 72.
Rf6+ Ke3 0-1

[Event "*** Titled Tuesday Blitz"]
[Site "Chess.com"]
[Date "2020.01.07"]
[Round "3"]
[White "arminmusovic"]
[Black "Sanan_Sjugirov"]
[Result "0-1"]
[WhiteElo "2516"]
[BlackElo "2933"]
[TimeControl "180+2"]
[EndTime "13:41:59 PST"]
[Termination "Sanan_Sjugirov won by resignation"]

1. e4 e6 2. d4 d5 3. Nd2 c5 4. Ngf3 cxd4 5. Nxd4 Nc6 6. Nxc6 bxc6 7. Bd3 Bd6 8. Qe2 Ne7 9. O-O Ng6 10. exd5 cxd5 11. Bb5+ Bd7 12. Nf3 O-O 13. Bg5 Bxb5 14.
Qxb5 Qc7 15. Rac1 Rab8 16. Qd3 Ne5 17. Nxe5 Bxe5 18. c4 Bxb2 19. Rc2 Rfc8 20. c5 Be5 21. h4 Rb4 22. Re1 h6 23. Be3 Rxh4 24. Rb1 Bh2+ 25. Kf1 Bf4 26. Bxf4 Rxf4 27. c6 Rc4 28. Rxc4 dxc4 29.
Qxc4 Qxc6 30. Qxc6 Rxc6 31. Rb8+ Kh7 32. Rb7 Kg6 33.
Rxa7 Rc2 34. Ra5 Kf6 35. g3 e5 36. Ra7 h5 37. Kg1 g6 38. Kf1 Ke6 39. Kg1 f6 40. Ra6+ Kf5 41. Kf1 g5 42. Kg2 e4 43. Kf1 Rb2 44. Kg1 e3 45. fxe3 Re2 46. Kf1 Rxe3 47.
Kf2 Rc3 48. Ra4 Rc2+ 49. Kf1 Rb2 50. Kg1 Re2 51. Kf1 Rc2 52. Kg1 Ke5 53. Kf1 f5 54. Kg1 Rb2 55. Kf1 Rd2 56. Kg1 Kf6 57. Kf1 g4 58.
Ra6+ Kg5 59. Ra5 Rd3 60. Kf2 Rd2+ 61. Kf1 Rc2 62. Kg1 h4 63. gxh4+ Kf4 64. Kf1 g3 65. Ra4+ Kf3 66. Ra3+ Kg4 67. h5 f4 68. Ra4 Rc1+ 69.
Ke2 Rc2+ 70. Kf1 g2+ 71. Kg1 Kg3 72. Rxf4 Rc1+ 0-1

[Event "*** Titled Tuesday Blitz"]
[Site "Chess.com"]
[Date "2020.01.07"]
[Round "3"]
[White "Benjoneliere44"]
[Black "Irishchessman16"]
[Result "1-0"]
[WhiteElo "2546"]
[BlackElo "2203"]
[TimeControl "180+2"]
[EndTime "13:42:00 PST"]
[Termination "Benjoneliere44 won by resignation"]

1. e4 c5 2. Nc3 Nc6 3. g3 g6 4. Bg2 Bg7 5. d3 e5 6. f4 d6 7. Nf3 Bg4 8. h3 Bxf3 9. Qxf3 Nd4 10. Qf2 Nf6 11. O-O Qd7 12. fxe5 dxe5 13. Bg5 Ng8 14. Nd5 h6 15. Bf6 Nxf6 16. Nxf6+ Bxf6 17. Qxf6 O-O 18. Rf2 Qe6 19. Qh4 Kg7 20. c3 Nc6 21. Raf1 Rad8 22. Rf6 Qxa2 23. R6f2 Rxd3 24. Qf6+ Kg8 25.
Bf3 Qe6 26. Qxe6 fxe6 27. Bg4 Rxf2 28. Rxf2 Kg7 29. Bxe6 Nd8 30. Bd5 b5 31. Kg2 a5 32.
h4 h5 33. Kh3 Rd1 34. b3 Rc1 35. Ra2 Rxc3 36. Rxa5 c4 37. bxc4 bxc4 38. Rc5 Kf6 39.
Rc8 Ke7 40. Rc7+ Kf8 41. Rd7 Ke8 42. Rg7 Rc1 43. Rxg6 c3 44. Bb3 Rb1 45. Ba4+ Ke7 46. Rg5 Nf7 47. Rxh5 Rb4 48. Bd1 Rb2 49. g4 c2 50.
Bxc2 Rxc2 51. g5 Nd6 52. Rh7+ Ke6 53. Rh6+ Ke7 54. Rh7+ Kf8 55. Rd7 Nxe4 56. Rd5 Rc5 57. Rd7 Rc4 58. Ra7 Nc5 59. h5 Ne6 60. g6 Ng5+ 61. Kg2 Rh4 62. Ra8+ Kg7 63. Ra7+ Kf6 64. g7 Rg4+ 65. Kf1 Nh7 66. h6 e4 67. Ra8 Kf7 68.
Rh8 Nf6 69. Rf8+ Ke7 70. Kf2 e3+ 71. Kxe3 Nd5+ 72. Kf3 Rg6 73. g8=Q Rxg8 74. Rxg8 Kf7 75. h7 1-0

[Event "*** Titled Tuesday Blitz"]
[Site "Chess.com"]
[Date "2020.01.07"]
[Round "3"]
[White "CM_Perligero"]
[Black "nurmiTV"]
[Result "0-1"]
[WhiteElo "2090"]
[BlackElo "2538"]
[TimeControl "180+2"]
[EndTime "13:42:00 PST"]
[Termination "nurmiTV won on time"]

1. e4 c5 2. Nc3 a6 3. g3 b5 4. Bg2 Bb7 5. d3 e6 6. Nf3 Nc6 7. O-O Nge7 8. Be3 d6 9. h3 g6 10. Nh2 Bg7 11. Qd2 h5 12. f4 Nd4 13. Nd1 f5 14. c3 Ndc6 15. Nf2 Qd7 16. Nf3 O-O-O 17. Ng5 Rhf8 18. a4 b4 19. cxb4 Nxb4 20. Rfc1 Kb8 21.
d4 cxd4 22. Bxd4 Bxd4 23. Qxd4 Nec6 24. Qb6 d5 25. e5 Rfe8 26. a5 Qc7 27. Qe3 Qe7 28.
Ra4 Na7 29. Qb3 Nbc6 30. Nd3 Ka8 31. Nc5 Rb8 32. Qd3 Bc8 33. Nxa6 Rxb2 34. Bf1 Qb7 35. Nc5 Qe7 36. a6 Rb5 37. Qc3 Rb6 38. Raa1 Qc7 39. Na4 Rb8 40. Rab1 Bd7 41. Rb7 Rxb7 42. axb7+ Qxb7 43. Nc5 Qb6 44. Kh1 Bc8 45. Ra1 Qb4 46. Qc2 Re7 47. Nd3 Qb6 48. Rb1 Qa5 49. Qb2 Rb7 50. Qc1 Qa2 51. Rxb7 Bxb7 52. Nxe6 d4 53. Bg2 Qxe6 54.
Nc5 Qe7 55. Nxb7 Qxb7 56. Qc5 Kb8 57. Qf8+ Qc8 58. Qd6+ Qc7 59. Qf8+ Nc8 60. e6 Ne7 61. Qe8 Qb6 62. Qd7 Qc7 63. Qb5+ Nb6 64. Qe8+ Nec8 65. Kh2 d3 66. Qb5 Qd6 67. Qa6 Kc7 68. Qb7+ Kd8 69. Qf7 Ne7 70. Qf8+ Kc7 71. Qe8 d2 0-1

[Event "*** Titled Tuesday Blitz"]
[Site "Chess.com"]
[Date "2020.01.07"]
[Round "3"]
[White "SHIVACalypso"]
[Black "Megagigahiper3345"]
[Result "0-1"]
[WhiteElo "2227"]
[BlackElo "2452"]
[TimeControl "180+2"]
[EndTime "13:42:49 PST"]
[Termination "Megagigahiper3345 won by resignation"]

1. Nf3 Nf6 2. c4 g6 3. g3 Bg7 4. Bg2 O-O 5. O-O c5 6. Nc3 Nc6 7. d3 a6 8. a3 Rb8 9. Rb1 b5 10. cxb5 axb5 11. b4 cxb4 12. axb4 d5 13. Bf4 Rb7 14.
Ne5 Nxe5 15. Bxe5 e6 16. e4 d4 17. Ne2 Ng4 18. Bxg7 Kxg7 19. h3 Nf6 20. e5 Nd5 21.
Nxd4 Nc3 22. Nc6 Qb6 23. Qc2 Nxb1 24. Rxb1 Rc7 25. Qc5 Qxc5 26. bxc5 Bb7 27. Nd4 Bxg2 28. Kxg2 Rxc5 29. Rxb5 Rxb5 30. Nxb5 Rd8 31. Nd6 Ra8 32. Kf3 Kf8 33. Ke4 Ke7 34. h4 Ra2 35. Ke3 f6 36.
Nc4 Ra1 37. exf6+ Kxf6 38. Kf3 Rd1 39. Ke2 Rh1 40. Kf3 Rd1 41. Ke2 Rb1 42. Kf3 Rb8 43. Ke4 Rd8 44. Ne5 Ra8 45. Ng4+ Ke7 46. Ne5 Ra4+ 47.
Ke3 Ra1 48. Nc4 Re1+ 49. Kf3 Kf6 50. Kf4 Ke7 51. Kf3 Kd7 52. Ne3 Kc6 53. Ke4 Kd6 54.
d4 Rh1 55. Ng4 Re1+ 56. Ne3 Rb1 57. Kf3 Rb4 58. Ke4 e5 59. Nc2 Ra4 60. Kd3 Kd5 61. dxe5 Kxe5 62. Ke3 Rc4 63. Ne1 Rc3+ 64. Nd3+ Kf5 65.
Kd4 Rc8 66. Ke3 Rd8 67. Nf4 Kg4 68. Nd3 Re8+ 69. Kd2 Kf3 70. Kc3 Rc8+ 71. Kd2 Rd8 72. Kc3 Rxd3+ 73. Kxd3 Kxf2 74. g4 Kf3 75. h5 g5 76. h6 Kf4 77. Ke2 Kxg4 78. Kf2 Kh5 79. Kg3 Kxh6 80. Kg4 Kg6 81. Kh3 h5 82. Kg3 Kf5 83.
Kh3 g4+ 84. Kg3 Kg5 85. Kh2 h4 86. Kh1 Kf4 87. Kh2 g3+ 88. Kh1 Kf3 89. Kg1 h3 90. Kh1 g2+ 91. Kg1 Ke2 92. Kh2 Kf2 0-1

[Event "*** Titled Tuesday Blitz"]
[Site "Chess.com"]
[Date "2020.01.07"]
[Round "3"]
[White "ChessBitl"]
[Black "albano87"]
[Result "0-1"]
[WhiteElo "2364"]
[BlackElo "2074"]
[TimeControl "180+2"]
[EndTime "13:43:31 PST"]
[Termination "albano87 won on time"]

1. e4 c5 2. Nf3 Nc6 3. d4 cxd4 4.
Nxd4 Nf6 5. Nc3 d6 6. Be3 Ng4 7. Bb5 Nxe3 8. fxe3 Bd7 9. Bxc6 bxc6 10. O-O e6 11.
Qf3 Qf6 12. Qxf6 gxf6 13. Rxf6 Bg7 14. Rf2 Rb8 15. b3 c5 16. Nde2 Bc6 17. Rd1 Ke7 18. Rd3 Rb4 19. Ng3 h5 20. a3 Rbb8 21. Rfd2 h4 22. Nge2 Be5 23. Nf4 Bxc3 24. Rxc3 Bxe4 25.
Rc4 d5 26. Rxc5 Rhc8 27. Rxc8 Rxc8 28. Nd3 Bxd3 29. cxd3 Rc3 30. b4 Rxa3 31. Kf2 Rb3 32. Ra2 Kf6 33. Rxa7 Rxb4 34. d4 Rb2+ 35. Kf3 h3 36. gxh3 Rxh2 37. Kg3 Re2 38. Kf3 Re1 39. h4 Rh1 40. Kg3 Kg6 41. Ra8 f6 42. Rh8 Kf5 43. Kf3 Rh3+ 44. Kf2 Ke4 45. Rh6 Rf3+ 46. Kg2 Rf5 47. Rh8 Kxe3 48. Re8 e5 49. dxe5 fxe5 50. Kg3 e4 51. Kg4 Rf1 52. h5 Rh1 53. h6 d4 54. Re5 d3 55. Rh5 Rg1+ 56. Kf5 Rg8 57. h7 Rf8+ 58. Ke5 Re8+ 59. Kf5 d2 60. Rh3+ Ke2 61.
Rh2+ Kd3 62. h8=Q Rxh8 63. Rxh8 e3 64. Rd8+ Kc2 65. Rc8+ Kb2 66. Rd8 Kc3 67. Rc8+ Kb4 68. Rb8+ Kc5 69. Rc8+ Kd6 70. Ke4 Kd7 71. Kxe3 d1=Q 72.
Rc3 Qe1+ 73. Kd3 Kd6 74. Rc4 Kd5 75. Rd4+ Ke5 76. Rc4 Qf1+ 77. Kc3 Qf3+ 78. Kb4 Kd5 79. Rc5+ Kd6 80. Rc3 Qb7+ 81. Kc4 Qd5+ 82. Kb4 Qd4+ 83.
Kb3 Kd5 84. Rc2 Qd3+ 85. Rc3 Qb1+ 86. Ka3 Kd4 87. Rc6 Qb8 88. Rc2 Kd3 0-1

[Event "*** Titled Tuesday Blitz"]
[Site "Chess.com"]
[Date "2020.01.07"]
[Round "3"]
[White "Ginzburg_Yakov"]
[Black "Arystanner"]
[Result "1-0"]
[WhiteElo "2570"]
[BlackElo "2730"]
[TimeControl "180+2"]
[EndTime "13:44:44 PST"]
[Termination "Ginzburg_Yakov won by resignation"]

1. e4 e5 2. Nf3 Nc6 3. Bb5 a6 4.
Bxc6 dxc6 5. O-O Bg4 6. h3 Bh5 7. d3 f6 8. Be3 Bd6 9. Nbd2 Ne7 10. c3 c5 11. Qa4+ Qd7 12. Qxd7+ Kxd7 13. d4 cxd4 14.
cxd4 exd4 15. Nxd4 c5 16. N4b3 b6 17. Nc4 Bc7 18.
g4 Bf7 19. Rfd1+ Kc6 20. Rac1 Rad8 21. Rxd8 Rxd8 22. Kf1 h5 23. Ke2 hxg4 24. hxg4 Be6 25. f3 Ng6 26. Nca5+ bxa5 27. Nxc5 Bxa2 28. Nxa6+ Kb7 29.
Rxc7+ Kxa6 30. Rxg7 Ne5 31. g5 fxg5 32. Rxg5 Bc4+ 33.
Kf2 Nd3+ 34. Kg3 Nxb2 35. Rg6+ Kb5 36. Rb6+ Ka4 37. Rxb2 Bb3 38. Rd2 Rg8+ 39. Kf2 Kb4 40. Rd4+ Kc3 41. Rd7 a4 42. Bc5 Kb2 43. Ra7 Rc8 44. Be7 Kc2 45. Ke3 Kd1 46. f4 Bc2 47. Bf6 Rg8 48. Kd4 Rg4 49. Bg5 Rg2 50. e5 Bb3 51. Ke4 Re2+ 52. Kf5 Kc2 53. Be7 Kd3 54.
Bd6 Kc4 55. Rc7+ Kd5 56. Rc5+ Kd4 57. Ra5 Rh2 58. Kf6 Rh6+ 59. Ke7 Rh5 60. Ra7 Rf5 61. e6 Rh5 62. Be5+ Ke4 63. Kf7 Rh7+ 64. Bg7 Kxf4 65.
Kg6 Bc2+ 66. Kf6 Rh5 67. e7 Rf5+ 68. Ke6 Bb3+ 69. Kd6 Bf7 70. Rxa4+ Kg5 71. Be5 Rf1 72. Kd7 Rd1+ 73. Bd6 Kf6 74. Ra8 Be6+ 75. Kc7 Rc1+ 76. Kd8 Bf7 77. e8=Q Bxe8 78. Kxe8 Ke6 79. Be7 Rh1 80.
Ra6+ Kd5 81. Kd7 Ke4 82. Ra5 Rf1 83. Ke6 Rh1 84. Ra4+ Kd3 85. Bf6 Rh5 86. Be5 Ke3 87.
Kd5 Kf3 88. Ra3+ Kg4 89. Ke4 Rh3 90. Ra8 Rh7 91. Rg8+ Kh4 92. Rg1 Rf7 93. Bf4 Rf8 94.
Kf3 Kh5 95. Rg5+ Kh4 96. Rg6 Rf5 97. Rc6 Rh5 98. Rc1 1-0

[Event "*** Titled Tuesday Blitz"]
[Site "Chess.com"]
[Date "2020.01.07"]
[Round "3"]
[White "filali-marouan"]
[Black "ShahMatKanal"]
[Result "0-1"]
[WhiteElo "2285"]
[BlackElo "2552"]
[TimeControl "180+2"]
[EndTime "13:46:10 PST"]
[Termination "ShahMatKanal won by resignation"]

1. e4 c6 2. d4 d5 3. exd5 cxd5 4. Nf3 Nc6 5. Be2 Bg4 6. O-O e6 7. c3 Bd6 8. Nbd2 Nge7 9. b4 O-O 10. Nb3 Rc8 11. Bd2 Qc7 12. h3 Bh5 13. a4 Bf4 14.
Nc5 Bxd2 15. Qxd2 b6 16. Nd3 Bg6 17. Rfc1 Nf5 18. Nde5 Nxe5 19. Nxe5 Nd6 20. a5 Ne4 21.
Qe3 bxa5 22. bxa5 Nd6 23. c4 dxc4 24. Bxc4 Nxc4 25. Rxc4 Qd6 26. Rac1 Rxc4 27. Rxc4 Qd5 28. Rc5 Qa2 29. Nc6 a6 30. Kh2 Qb2 31. h4 Qb7 32. h5 Bxh5 33. Ne5 Bg6 34. Qc3 Qe7 35. g3 Qf6 36. Qe3 Qd8 37. Rc6 Qxa5 38. Qc1 Qa2 39.
Qe3 a5 40. Ra6 a4 41. Nc6 Qc4 42. Rb6 h5 43. Qa3 Be4 44. Ne7+ Kh7 45. Rb2 Qc1 46. f3 Bxf3 47. Qd3+ g6 48. Rb1 Qg5 49. Qxf3 Qxe7 50. Ra1 e5 51. Rxa4 exd4 52. Rxd4 Qe6 53.
Rd2 Re8 54. Rf2 Re7 55. Qc3 Qd7 56. Qc2 Qc7 57. Qb2 h4 58. Rf4 hxg3+ 59. Kh3 Qd7+ 60.
Kxg3 Re3+ 61. Rf3 Qd6+ 62. Kg2 Rxf3 63. Kxf3 g5 64. Qb7 Qf6+ 65. Kg4 Kg6 66. Qe4+ Kg7 67.
Qb1 Qf4+ 68. Kh3 Qh4+ 69. Kg2 Qd4 70. Qf5 Qd2+ 71. Kh3 Qf4 72. Qb1 g4+ 73. Kh4 f6 74.
Qc2 g3+ 75. Kh3 Kh6 76. Qc8 Kg6 77. Qg8+ Kf5 78. Qc8+ Ke4 79. Qc4+ Ke3 80. Qc1+ Kf3 81. Qf1+ Ke4 82. Qc4+ Kf5 83. Qc8+ Kg6 84. Qg8+ Kh6 85. Qh8+ Kg5 86. Qg8+ Kh5 87. Qh8+ Qh6 88. Qe8+ Qg6 89. Qh8+ Kg5 90. Kxg3 Qd3+ 91. Kf2 Qd2+ 92. Kf3 Qc3+ 93. Kf2 Qb2+ 94. Kf3 Qc3+ 95. Kf2 Qd2+ 96. Kf3 Qf4+ 97. Kg2 Kf5 98. Qc8+ Ke5 99. Qc7+ Ke4 100. Qc4+ Ke3 101. Qc1+ Ke4 102. Qc6+ Kd4 103. Qa4+ Ke5 104. Qb5+ Ke6 105. Qc6+ Kf7 106. Qd7+ Kg6 107. Qe8+ Kh6 108. Qh8+ Kg5 109. Qg7+ Kh4 110. Qh7+ Kg4 111. Qd7+ f5 112. Qg7+ Qg5 113. Qd7 Kf4+ 114. Kf1 Qg3 115. Qd6+ Kf3 116. Qd3+ Kg4 117. Qd4+ Qf4+ 118. Qf2 Qxf2+ 119. Kxf2 Kf4 120. Kg1 Ke3 121. Kf1 Kf3 122. Kg1 Ke2 123. Kh2 f4 124. Kg1 f3 125. Kh1 f2 126. Kh2 f1=Q 0-1

[Event "*** Titled Tuesday Blitz"]
[Site "Chess.com"]
[Date "2020.01.07"]
[Round "4"]
[White "xamax2000"]
[Black "The_Bestplayer"]
[Result "1-0"]
[WhiteElo "2657"]
[BlackElo "2860"]
[TimeControl "180+2"]
[EndTime "13:47:51 PST"]
[Termination "xamax2000 won by resignation"]

1. e4 e5 2. Nf3 Nc6 3. Bb5 g6 4.
c3 a6 5. Bxc6 dxc6 6. d4 exd4 7.
cxd4 Bg4 8. Be3 Bg7 9. Qb3 Bxf3 10. gxf3 Bxd4 11. Qxb7 Rb8 12. Qxc6+ Kf8 1-0

[Event "*** Titled Tuesday Blitz"]
[Site "Chess.com"]
[Date "2020.01.07"]
[Round "4"]
[White "Gnechko_Ruslan"]
[Black "vugarrasulov"]
[Result "0-1"]
[WhiteElo "2489"]
[BlackElo "2842"]
[TimeControl "180+2"]
[EndTime "13:49:34 PST"]
[Termination "vugarrasulov won by resignation"]

1. e4 c5 2. c3 Nf6 3. e5 Nd5 4. Nf3 e6 5. d4 cxd4 6. cxd4 d6 7.
a3 Bd7 8. Bd3 Bc6 9. O-O Nd7 10.
Nbd2 Nf4 11. Bc4 dxe5 12. dxe5 Nb6 13. Ba2 Bb5 14. Re1 Nd3 15. Re3 Bc5 16. Ne4 Nxc1 17.
Qxc1 Bxe3 18. Nd6+ Qxd6 19. Qxe3 Qe7 20. h4 Bc4 21. Bxc4 Nxc4 22. Qf4 Nb6 23. h5 h6 24. Qg4 O-O 25. Re1 Rac8 26. Re3 Rc4 0-1

[Event "*** Titled Tuesday Blitz"]
[Site "Chess.com"]
[Date "2020.01.07"]
[Round "4"]
[White "JMatias"]
[Black "SoltaniciR"]
[Result "1-0"]
[WhiteElo "2427"]
[BlackElo "2615"]
[TimeControl "180+2"]
[EndTime "13:50:05 PST"]
[Termination "JMatias won by resignation"]

1. e4 c5 2. Nc3 a6 3. g3 b5 4. Bg2 Bb7 5. Nge2 e6 6. d4 cxd4 7. Nxd4 Nf6 8. a3 d6 9. O-O Qc7 10. Qe2 Be7 11. Be3 Nbd7 12. Rad1 O-O 13. g4 Nb6 14. g5 Nfd7 15. f4 Nc4 16. Bc1 Rfe8 17. f5 Bf8 18. g6 hxg6 19. fxg6 fxg6 20. Bh3 Nc5 21. b4 e5 22. Nf3 Ne6 23. Nd5 Bxd5 24.
exd5 Nf4 25. Bxf4 exf4 26. Be6+ Kh7 27. Ng5+ Kh6 28. Qg4 1-0

[Event "*** Titled Tuesday Blitz"]
[Site "Chess.com"]
[Date "2020.01.07"]
[Round "4"]
[White "Sebastian"]
[Black "Mr_Sinigami"]
[Result "1-0"]
[WhiteElo "2944"]
[BlackElo "2577"]
[TimeControl "180+2"]
[EndTime "13:50:24 PST"]
[Termination "Sebastian won by resignation"]

1. e4 d5 2. exd5 Nf6 3. d4 Nxd5 4. Nf3 g6 5. c4 Nb6 6. Nc3 Bg7 7. c5 Nd5 8. Bc4 c6 9. O-O O-O 10. Re1 e6 11. Ne4 b6 12. Bg5 f6 13. Bd2 Ba6 14. Bb3 Nd7 15. Rc1 Bd3 16. Nd6 bxc5 17. Rxe6 Kh8 18. dxc5 Nc7 19. Re3 Nxc5 20. Nf7+ Rxf7 21.
Bxf7 Ne4 22. Ba5 1-0

[Event "*** Titled Tuesday Blitz"]
[Site "Chess.com"]
[Date "2020.01.07"]
[Round "4"]
[White "IMUltimateBeast"]
[Black "JozefKneht"]
[Result "1-0"]
[WhiteElo "2632"]
[BlackElo "2414"]
[TimeControl "180+2"]
[EndTime "13:50:28 PST"]
[Termination "IMUltimateBeast won by resignation"]

1. d4 d5 2. Bf4 Nf6 3. e3 c5 4. c3 Nc6 5. Nd2 cxd4 6. exd4 Bf5 7. Qb3 Qb6 8. Qxb6 axb6 9. Ngf3 Nd7 10. Bb5 e6 11.
O-O Be7 12. h3 h6 13. Ne5 Ndxe5 14. Bxe5 O-O 15. Bc7 Bd8 16. Bd6 Re8 17. a3 Bc2 18. Rfe1 Ba4 19. Bd3 Ne7 20. g4 Ng6 21. Bg3 Bg5 22.
Nf3 Nf4 23. Bf1 Bc2 24. h4 Be4 25. hxg5 1-0

[Event "*** Titled Tuesday Blitz"]
[Site "Chess.com"]
[Date "2020.01.07"]
[Round "4"]
[White "BeanScreen"]
[Black "NikolaMa2000"]
[Result "1-0"]
[WhiteElo "2405"]
[BlackElo "2040"]
[TimeControl "180+2"]
[EndTime "13:50:34 PST"]
[Termination "BeanScreen won by resignation"]

1. e4 e6 2. d4 d5 3. Nc3 Nf6 4. Bg5 dxe4 5. Nxe4 Be7 6. Bxf6 gxf6 7. Nf3 f5 8. Nc3 a6 9. Qe2 b5 10. O-O-O b4 11.
Na4 Bb7 12. Ne5 Qd5 13. Kb1 Bf6 14. Nc5 Bc6 15. Ncd3 a5 16. Qh5 Rf8 17. Nf4 Bxe5 18. Nxd5 1-0

[Event "*** Titled Tuesday Blitz"]
[Site "Chess.com"]
[Date "2020.01.07"]
[Round "4"]
[White "Keaton87"]
[Black "Marty435"]
[Result "1-0"]
[WhiteElo "2615"]
[BlackElo "2355"]
[TimeControl "180+2"]
[EndTime "13:50:53 PST"]
[Termination "Keaton87 won by checkmate"]

1. d4 Nf6 2. Bg5 c5 3. Nc3 cxd4 4. Qxd4 Nc6 5. Qh4 e6 6. e4 Be7 7.
O-O-O a6 8. f4 h6 9. e5 d5 10. exd6 Bxd6 11. Ne4 O-O 12. Nxf6+ gxf6 13. Bxf6 Qc7 14.
Qg3+ Kh7 15. Qg7# 1-0

[Event "*** Titled Tuesday Blitz"]
[Site "Chess.com"]
[Date "2020.01.07"]
[Round "4"]
[White "Valk4"]
[Black "Supernotar"]
[Result "0-1"]
[WhiteElo "2289"]
[BlackElo "2551"]
[TimeControl "180+2"]
[EndTime "13:51:13 PST"]
[Termination "Supernotar won by resignation"]

1. e4 c6 2. d4 d5 3. e5 Bf5 4. Nf3 e6 5. Be2 Nd7 6. O-O a6 7. Nbd2 c5 8. c4 Ne7 9. a4 Rc8 10. cxd5 Nxd5 11. Nc4 Qc7 12. Re1 Be7 13. Ne3 Nxe3 14.
Bxe3 O-O 15. Qb3 c4 16. Qa2 b5 17. axb5 axb5 18. b3 Nb6 19. Rac1 Bb4 20. Red1 Ra8 21. Qb2 c3 0-1